 Dungeon Crawl Stone Soup version 0.22-a0-443-g17c3723 (webtiles) character file.

441 George the Carver (level 6, -8/52 HPs)
             Began as a Minotaur Fighter on June 1, 2018.
             Was an Initiate of the Shining One.
             Mangled by Menkaure (13 damage)
             ... on level 5 of the Dungeon.
             The game lasted 00:03:57 (3365 turns).

George the Carver (Minotaur Fighter)                Turns: 3365, Time: 00:03:58

Health: -8/52      AC:  8    Str: 28    XL:     6   Next: 71%
Magic:  5/5        EV:  8    Int:  5    God:    the Shining One [......]
Gold:   175        SH: 10    Dex:  9    Spells: 5/5 levels left

rFire    . . .     SeeInvis .   a - +0 long sword
rCold    + . .     Gourm    .   c - +0 shield
rNeg     . . .     Faith    .   r - +1 scale mail {rPois}
rPois    +         Spirit   .   (helmet restricted)
rElec    .         Reflect  .   (no cloak)
rCorr    .         Harm     .   (no gloves)
MR       .....                  (no boots)
Stlth    +.........             (no amulet)
HPRegen  0.17/turn              n - ring of protection from cold
MPRegen  0.09/turn              v - ring of stealth

@: mighty, glowing
A: retaliatory headbutt, horns 2
a: Renounce Religion


You were on level 5 of the Dungeon.
You worshipped the Shining One.
The Shining One was noncommittal.
You were not hungry.

You visited 2 branches of the dungeon, and saw 6 of its levels.

You collected 175 gold pieces.

Inventory:

Hand Weapons
 a - a +0 long sword (weapon)
 p - a +0 short sword of freezing
Missiles
 l - 7 javelins (quivered)
Armour
 c - a +0 shield (worn)
 r - a +1 scale mail of poison resistance (worn)
Jewellery
 n - a ring of protection from cold (left hand)
 v - a ring of stealth (right hand)
Scrolls
 b - a scroll of amnesia {unknown}
 g - 5 scrolls of teleportation
 i - 2 scrolls of remove curse {unknown}
 j - a scroll of magic mapping {unknown}
 m - a scroll of immolation {unknown}
 o - a scroll of random uselessness {unknown}
 q - 3 scrolls of identify {unknown}
 s - a scroll of fear {unknown}
Potions
 e - a potion of brilliance {unknown}
 h - a potion of resistance {unknown}
 k - a potion of curing {unknown}
 t - a potion of lignification {unknown}
 u - a potion of berserk rage {unknown}
Comestibles
 f - 4 rations


   Skills:
 + Level 3.9 Fighting
 + Level 8.2 Long Blades
 + Level 3.9 Armour
 + Level 0.8 Dodging
 + Level 3.8 Shields
 + Level 0.7 Invocations


You had 5 spell levels left.
You didn't know any spells.
Your spell library was empty.

Dungeon Overview and Level Annotations

Branches:
Dungeon (5/15)             Temple (1/1) D:4

Altars:
Cheibriados
Dithmenos
Elyvilon
Fedhas
Gozag
Hepliaklqana
Makhleb
Okawaru
Ru
Sif Muna
Trog
Uskayaw
Wu Jian
Yredelemnul
Zin
The Shining One

Annotations:
D:5 Menkaure


Innate Abilities, Weirdness & Mutations

You reflexively headbutt those who attack you in melee.
You have a pair of horns on your head.


Message History

No target in view!
No target in view!
Menkaure, Prince of Dust comes into view.
Menkaure shouts!
You hear a shout!
Menkaure calls on the powers of darkness!
Your body is wracked with pain!
An orc comes into view.
The orc shouts!
An orc comes into view. It is wielding a mace.
An orc comes into view. It is wielding a morningstar.
The orc shouts!
An orc comes into view.
An orc comes into view. It is wielding a whip of venom.
A hound comes into view.
The hound barks!
The orc shouts! x2
You block the orc's attack. Menkaure hits you!!
* * * LOW HITPOINT WARNING * * *
You feel very mighty all of a sudden. The orc hits you but does no damage.
Menkaure hits you!
You die...

+....+
###....#
#......#
+......#
#......#
#......+
#####......#
#...M......#
+..o.@.)...#
#...o......#
#o..?.!....#
..h.##########
..o .. .


You could see Menkaure, a hound and 4 orcs.

Vanquished Creatures
  A sky beast (D:3)
  A bullfrog (D:3)
  A howler monkey (D:4)
  2 orc priests
  A worker ant (D:4)
  3 adders
  A gnoll (D:1)
  An ooze (D:3)
  2 adder skeletons (D:4)
  A worm (D:4)
  3 dart slugs (D:1)
  A leopard gecko (D:2)
  15 orcs
  3 giant cockroaches (D:1)
  7 hobgoblins
  2 jackals (D:1)
  6 kobolds
  5 quokkas
  A ball python (D:2)
  8 bats
  6 frilled lizards
  14 goblins
  10 rats
95 creatures vanquished.

Notes
Turn   | Place    | Note
-------+----------+-------------------------------------------
     0 | D:1      | George the Minotaur Fighter began the quest for the Orb.
     0 | D:1      | Reached XP level 1. HP: 19/19 MP: 0/0
    52 | D:1      | Reached skill level 3 in Long Blades
    83 | D:1      | Reached XP level 2. HP: 25/26 MP: 1/1
   116 | D:1      | Reached skill level 4 in Long Blades
   219 | D:1      | Reached XP level 3. HP: 27/31 MP: 2/2
   608 | D:1      | Reached skill level 5 in Long Blades
  1119 | D:2      | Reached XP level 4. HP: 38/39 MP: 3/3
  1619 | D:3      | Found a bloodstained altar of Trog.
  1664 | D:3      | Reached skill level 6 in Long Blades
  1665 | D:3      | Reached XP level 5. HP: 19/45 MP: 4/4
  1856 | D:3      | Noticed a sky beast
  1867 | D:3      | Killed a sky beast
  1867 | D:3      | Reached skill level 7 in Long Blades
  1891 | D:3      | Reached XP level 6. HP: 25/51 MP: 5/5
  2456 | D:4      | Reached skill level 8 in Long Blades
  2487 | D:4      | Found a staircase to the Ecumenical Temple.
  2566 | Temple   | Entered the Ecumenical Temple
  2604 | Temple   | Became a worshipper of the Shining One
  3355 | D:5      | Entered Level 5 of the Dungeon
  3360 | D:5      | Noticed Menkaure
  3365 | D:5      | Mangled by Menkaure

Vault maps used:
D:1:      evilmike_arrival_crescent, minmay_heptomino_w4
D:3:      lemuel_crystal_altar
D:4:      minmay_temple_entry_crystal_x, first_ration
D:5:      serial_shops, nicolae_shop_trees, serial_glass, glass_columns_c,
          glass_columns_c, minmay_misc_feat_square, uniq_edmund, uniq_menkaure
Temple:   regret_index_temple_generic_petals

Skill      XL: |  1  2  3  4  5  6 |
---------------+-------------------+-----
Long Blades    | 3 4 5 6 7 8 |  8.2
Fighting       | |  3.9
Armour         | |  3.9
Dodging        | |  0.8
Shields        | |  3.8
Invocations    | |  0.7

Action                   |  1- 3 |  4- 6 || total
-------------------------+-------+-------++-------
Melee: Long sword        |   106 |   143 ||   249
       Headbutt          |    15 |    18 ||    33
  Use: Scroll            |       |     1 ||     1
       Potion            |       |     1 ||     1
  Eat: Chunk             |     1 |     7 ||     8
Armor: Scale mail        |    58 |    27 ||    85
       Plate armour      |    20 |    40 ||    60
Dodge: Dodged            |    26 |    32 ||    58
Block: Shield            |    56 |    64 ||   120
       Rpst.: Long sword |     6 |     6 ||    12

Table legend:
 A = Spawn XP
 B = Non-spawn XP
 C = Spawn XP percentage of total XP
 D = Spawn monster count
 E = Non-spawn monster count
 F = Spawn count percentage of total count
 G = Total turns spent on level
                    A         B        C        D         E        F      G
               +---------+---------+-------+---------+---------+-------+---------
         Total |       0 |     631 |   0.0 |       0 |      95 |   0.0 |  3365
               +---------+---------+-------+---------+---------+-------+---------
           D:1 |       0 |      79 |   0.0 |       0 |      37 |   0.0 |   939
           D:2 |       0 |      37 |   0.0 |       0 |      16 |   0.0 |   546
           D:3 |       0 |     328 |   0.0 |       0 |      22 |   0.0 |   968
           D:4 |       0 |     187 |   0.0 |       0 |      20 |   0.0 |   690
               +---------+---------+-------+---------+---------+-------+---------
